AoeStats
← BSHammer

African Clearing

503935142Analyzed
4v4 RM · 1mo ago on Sep 3, 2026· 28m 33s· 8 players
Game mode
Random Map
Map size
Large (8 player)
Population
200
Speed
Normal
Resources
Standard
Victory
Conquest
Starting age
Dark Age
Ending age
Imperial Age
RankedLock teamsTeams togetherTeam positionsShared explorationLock speedFull tech treeHidden civsTurbo modeCheats
Victory
Defeat
🇺🇸 Jurchens · United States
1576
+12
🇺🇸 Ethiopians · United States
1573
+12
🇺🇸 Chinese · United States
1493
+16
🇺🇸 Mongols · United States
1484
+16
1615
-19
🇮🇳 Bulgarians · India
1511
-15
🇦🇷 Mongols · Argentina
1462
-13
🇦🇷 Persians · Argentina
1355
-9
Dark_Shelly
9:54 Loom
12:25 Feudal Age
13:19 Double-Bit Axe
16:17 Forging
18:15 Scale Barding Armor
23:54 Wheelbarrow
x
6:42 Loom
14:33 Feudal Age
16:34 Wheelbarrow
15:47 Double-Bit Axe
18:40 Castle Age
19:43 Scale Mail Armor
25:36 Fletching
27:17 Bodkin Arrow
TanjiroK
9:36 Loom
12:01 Feudal Age
18:12 Town Watch
21:24 Castle Age
19:52 Double-Bit Axe
20:30 Forging
20:16 Horse Collar
EXILE | Tulita de 2 cm oxidada
10:56 Loom
13:29 Feudal Age
14:47 Double-Bit Axe
17:15 Castle Age
18:37 Bow Saw
21:30 Horse Collar
23:04 Padded Archer Armor
26:30 Leather Archer Armor
26:08 Town Watch
27:02 Wheelbarrow
ashleylynn
10:30 Loom
12:38 Feudal Age
13:21 Town Watch
16:43 Horse Collar
19:04 Forging
20:01 Scale Barding Armor
20:29 Bloodlines
21:03 Wheelbarrow
26:03 Castle Age
24:08 Double-Bit Axe
26:10 Light Cavalry
28:20 Bow Saw
koriko9397
12:02 Loom
14:38 Feudal Age
18:30 Castle Age
16:19 Double-Bit Axe
BSHammer
8:13 Loom
12:17 Feudal Age
16:33 Forging
20:52 Castle Age
21:56 Fletching
24:36 Bodkin Arrow
Lucas Ducas
2:58 Loom
11:59 Feudal Age
13:52 Forging
13:48 Scale Barding Armor
13:31 Double-Bit Axe
15:52 Horse Collar
18:51 Bloodlines
21:09 Wheelbarrow
21:58 Town Watch
24:49 Castle Age
25:52 Chain Barding Armor
24:53 Light Cavalry
25:40 Husbandry
28:09 Iron Casting
Connection lost

Rejoining the realm…

Still unreachable

The connection could not be restored.

Session expired

The server has moved on; the page needs a fresh start.